 Dungeon Crawl Stone Soup version 0.25-a0-705-ge9988fc0fb (webtiles) character file.

Game seed: 6951366390112572254, levelgen mode: deterministic

218 MirrMurr the Sneak (level 5, 0/24 HPs)
             Began as a Spriggan Enchanter on Apr 4, 2020.
             Slain by an orc
             ... wielding a +0 mace
              (8 damage)
             ... on level 2 of the Dungeon.
             The game lasted 00:11:29 (5858 turns).

MirrMurr the Sneak (Spriggan Enchanter)             Turns: 5858, Time: 00:11:29

Health: 0/24       AC:  2    Str:  5    XL:     5   Next: 63%
Magic:  3/10       EV: 17    Int: 17    God:
Gold:   139        SH:  7    Dex: 16    Spells: 3/9 levels left

rFire    . . .     SeeInvis +   a - +1 dagger
rCold    . . .     Gourm    .   e - +2 buckler
rNeg     . . .     Faith    .   b - +0 robe
rPois    .         Spirit   .   (helmet restricted)
rElec    .         Reflect  .   (no cloak)
rCorr    .         Harm     .   (gloves unavailable)
MR       .....                  (boots unavailable)
Stlth    ++++......             (no amulet)
HPRegen  0.08/turn              (no ring)
MPRegen  0.12/turn              (no ring)

@: very slightly contaminated, very quick
A: very small, unfitting armour, see invisible, herbivore, speed 3, slow
metabolism 2
a: no special abilities


You were on level 2 of the Dungeon.
You were not hungry.

You visited 1 branch of the dungeon, and saw 3 of its levels.

You collected 139 gold pieces.

Inventory:

Hand Weapons
 a - a +1 dagger (weapon)
 i - a +0 hunting sling
Missiles
 d - 99 stones (quivered)
 n - 14 sling bullets
Armour
 b - a +0 robe (worn)
 e - a +2 buckler (worn)
Scrolls
 f - a scroll of magic mapping {unknown}
 h - a scroll of immolation {unknown}
 j - a scroll of identify
 m - a scroll of enchant weapon {unknown}
 o - a scroll of remove curse {unknown}
 p - a scroll of noise {unknown}
Potions
 g - a potion of magic {unknown}
 k - a potion of lignification
 l - a potion of degeneration {unknown}
Comestibles
 c - 4 rations


   Skills:
 + Level 4.4 Short Blades
 - Level 3.0 Dodging
 + Level 7.6 Stealth
 - Level 2.6 Spellcasting
 - Level 3.6 Hexes


You had 3 spell levels left.
You knew the following spells:

 Your Spells              Type           Power        Failure   Level  Hunger
a - Ensorcelled Hibernat  Hex/Ice        #.....       22%         2    ##.....
b - Confusing Touch       Hex            ##......     21%         3    ###....
C - Corona                Hex            ##.....      7%          1    #......

Your spell library contained the following spells:

 Spells                   Type           Power        Failure   Level  Hunger
 Tukima's Dance           Hex            ##......     21%         3    ###....
 Dazzling Flash           Conj/Hex       #.....       41%         3    ###....


Dungeon Overview and Level Annotations

Branches:
Dungeon (3/15)

Altars:
Gozag
Zin


Innate Abilities, Weirdness & Mutations

You are very small and have problems with some larger weapons.
You are too small for most types of armour.
You have supernaturally acute eyesight. (SInv)
You are a herbivore.
You cover ground extremely quickly.
You need to consume almost no food.


Message History

Aiming: Ensorcelled Hibernation (safe; 22% risk of failure)
Press: ? - help, Shift-Dir - straight line, f/p - orc
Aim: an orc, wielding a +0 dagger and wearing a +0 leather armour (chance to defeat MR: 57%)
You miscast Ensorcelled Hibernation.
You feel a strange surge of energy! The orc hits you with a +0 dagger.
The orc hits you with a +0 mace. The orc closely misses you.
You hit the orc.
The orc is heavily wounded.
You block the orc's attack.
Casting: Ensorcelled Hibernation (safe; 22% risk of failure)
Confirm with . or Enter, or press ? or * to list all spells.
Aiming: Ensorcelled Hibernation (safe; 22% risk of failure)
Press: ? - help, Shift-Dir - straight line, f/p - orc
Aim: an orc, wielding a +0 dagger and wearing a +0 leather armour (heavily wounded, chance to defeat MR: 57%)
The orc resists with significant effort.
The orc hits you with a +0 mace. You block the orc's attack.
The orc hits you with a +0 dagger.
You are too injured to fight recklessly!
The orc hits you with a +0 mace!
You die...

#.........≈.≈.#...≈≈≈≈≈≈≈.##....
##########≈≈≈####oo≈≈≈≈P......##
###....## #).≈≈≈≈≈.≈......
#......# #[.P≈≈≈≈≈≈..#.##
#......## #..≈P≈≈≈P.....##
#....#..# #..≈.≈≈≈≈.≈..###
###.......####..≈.≈P≈≈≈PP....
#...........oo....≈≈≈≈≈≈.....
#...........@o....≈≈P≈≈≈≈≈..#
#................[..PP≈≈≈≈###
#...................≈.≈≈≈≈≈##
#########......###...P≈≈≈≈≈≈≈
#......# ###..P≈P≈≈≈≈ #..#####
##...≈≈#≈# #### #...≈≈###
#........ ##.......


You could see 3 orcs.

Vanquished Creatures
  Jessica (D:2)
  8 gnolls
  3 adders
  A worm (D:1)
  6 dart slugs (D:1)
  A leopard gecko (D:1)
  7 orcs (D:2)
  3 ball pythons
  3 giant cockroaches
  7 hobgoblins
  6 jackals
  3 kobolds (D:1)
  3 quokkas (D:2)
  5 bats
  3 frilled lizards
  5 goblins
  5 rats
70 creatures vanquished.

Notes
Turn   | Place    | Note
-------+----------+-------------------------------------------
     0 | D:1      | MirrMurr the Spriggan Enchanter began the quest for the
                  | Orb.
     0 | D:1      | Reached XP level 1. HP: 9/9 MP: 5/5
   187 | D:1      | Reached skill level 5 in Stealth
   187 | D:1      | Reached XP level 2. HP: 13/13 MP: 6/6
   220 | D:1      | Learned a level 2 spell: Ensorcelled Hibernation
  1190 | D:1      | Reached XP level 3. HP: 16/16 MP: 8/8
  1612 | D:2      | Learned a level 3 spell: Confusing Touch
  1794 | D:2      | Reached skill level 6 in Stealth
  2057 | D:3      | Reached XP level 4. HP: 11/21 MP: 0/9
  2072 | D:3      | HP: 1/21 [hobgoblin (4)]
  2537 | D:2      | Noticed Jessica
  4020 | D:1      | Reached skill level 7 in Stealth
  4020 | D:1      | Reached XP level 5. HP: 15/24 MP: 7/10
  4174 | D:2      | Killed Jessica
  4387 | D:2      | Found a glowing silver altar of Zin.
  4403 | D:2      | Found an opulent altar of Gozag.
  4640 | D:2      | Found an opulent altar of Gozag.
  4642 | D:2      | Found a glowing silver altar of Zin.
  5858 | D:2      | Slain by an orc

Levels and vault maps discovered:
D:1:      co_arrival_random_square_maze, layout_basic, serial_bayou_ford_a
D:2:      layout_rooms, grunt_temple_overflow_gold_and_silver, first_ration,
          chequers_serial_rivers_micro_d, minmay_misc_feat_four_crosses,
          nrook_uturn, chequers_big_river, uniq_jessica
D:3:      layout_loops_ring, makhleb_altar_promises_db

Skill      XL: |  1  2  3  4  5 |
---------------+----------------+-----
Stealth        | 5 6 7 |  7.6
Short Blades   | 2 3 4 |  4.4
Dodging        | |  3.0
Spellcasting   | |  2.6
Hexes          | |  3.6

Action                   |  1- 3 |  4- 6 || total
-------------------------+-------+-------++-------
Melee: Dagger            |   142 |   181 ||   323
Throw: Stone             |       |     1 ||     1
 Cast: Ensorcelled Hiber |    12 |    30 ||    42
       Corona            |     1 |       ||     1
  Use: Scroll            |     3 |       ||     3
       Potion            |       |     1 ||     1
 Stab: Distracted        |     3 |     1 ||     4
       Sleeping          |    10 |    19 ||    29
  Eat: Ration            |       |     3 ||     3
Armor: Robe              |    24 |    11 ||    35
Dodge: Dodged            |   105 |   145 ||   250
Block: Buckler           |    22 |    81 ||   103

Table legend:
 A = Non-vault XP
 B = Vault XP
 C = Vault XP percentage of total XP
 D = Non-vault monster count
 E = Vault monster count
 F = Vault count percentage of total count
                 A         B        C        D         E       F
            +---------+---------+-------+---------+---------+-------
      Total |     275 |      37 |  11.9 |      69 |       1 |   1.4
            +---------+---------+-------+---------+---------+-------
        D:1 |      98 |       0 |   0.0 |      34 |       0 |   0.0
        D:2 |     154 |      37 |  19.4 |      28 |       1 |   3.4
        D:3 |      23 |       0 |   0.0 |       7 |       0 |   0.0
            +---------+---------+-------+---------+---------+-------
